 Dungeon Crawl Stone Soup version 0.28-a0-1199-gef9e1dbd39 (webtiles) character file.

Game seed: 3846356651335957604

774 ders the Summoner (level 7, -4/27 HPs)
             Began as a Felid Summoner on Dec 19, 2021.
             Killed by an exploding themself (31 damage)
             ... ignited by their inner flame
             ... on level 6 of the Dungeon.
             The game lasted 00:18:09 (7402 turns).

ders the Summoner (Felid Summoner)                  Turns: 7402, Time: 00:18:10

Health: -4/27      AC:  2    Str:  4    XL:     7   Next: 53%
Magic:  8/18       EV: 23    Int: 18    God:
Gold:   350        SH:  0    Dex: 12    Spells: 4/19 levels left
                                        Lives:  0   Deaths: 2

rFire   . . .      SeeInvis +   (weapon unavailable)
rCold   . . .      Faith    .   (shield unavailable)
rNeg    + . .      Spirit   .   (armour unavailable)
rPois   .          Reflect  .   (helmet unavailable)
rElec   .          Harm     .   (cloak unavailable)
rCorr   .          Rampage  .   (gloves unavailable)
Will    ++...                   (boots unavailable)
Stlth   ++........              (no amulet)
HPRegen 0.09/turn               k - ring "Tafris" {rN+ Will+ EV+4 Dex-5}
MPRegen 0.16/turn               (no ring)

@: very slightly contaminated, quick
A: very small, claws 1, fangs 3, see invisible, speed 1, shaggy fur 2, stealthy
paws, no weapons or thrown items, no armour, multi-lived
a: no special abilities


You were on level 6 of the Dungeon.
You visited 1 branch of the dungeon, and saw 6 of its levels.

You collected 350 gold pieces.

Inventory:

Jewellery
 k - the ring "Tafris" (left paw) {rN+ Will+ EV+4 Dex-5}
   (You acquired it on level 6 of the Dungeon)

   [ring of evasion]

   EV:        It affects your evasion (+4).
   Dex:       It affects your dexterity (-5).
   rN:        It protects you from negative energy.
   Will:      It increases your willpower.
Scrolls
 b - a scroll of enchant weapon
 c - 3 scrolls of teleportation
 f - 2 scrolls of immolation
 i - a scroll of noise {unknown}
 l - a scroll of amnesia {unknown}
 m - a scroll of holy word {unknown}
 p - a scroll of brand weapon {unknown}
Potions
 a - 2 potions of lignification
 d - 2 potions of flight
 e - a potion of cancellation
 g - a potion of curing
 h - a potion of might
 j - a potion of heal wounds
 n - a potion of mutation
 o - a potion of berserk rage


   Skills:
 + Level 7.0 Dodging
 - Level 2.6 Stealth
 * Level 6.7 Spellcasting
 * Level 8.2 Summonings


You had 4 spell levels left.
You knew the following spells:

 Your Spells              Type           Power      Damage    Failure   Level
a - Summon Small Mammal   Summ           100%       N/A       1%          1
b - Call Imp              Summ           35%        N/A       1%          2
c - Call Canine Familiar  Summ           35%        N/A       1%          3
d - Blink                 Tloc           12%        N/A       17%         2
e - Summon Guardian Gole  Hex/Summ       20%        N/A       6%          3
f - Summon Lightning Spi  Summ/Air       20%        N/A       21%         4

Your spell library contained the following spells:

 Spells                   Type           Power      Damage    Failure   Level
 Passwall                 Tmut/Erth      5%         N/A       17%         2
 Conjure Flame            Conj/Fire      6%         6-21      32%         3
 Ignite Poison            Fire/Tmut/Pois 6%         N/A       32%         3
 Lesser Beckoning         Tloc           6%         N/A       32%         3
 Swiftness                Air            6%         N/A       32%         3
 Sticky Flame             Conj/Fire      6%         2d3       73%         4
 Manifold Assault         Tloc           6%         N/A       97%         5


Dungeon Overview and Level Annotations

Branches:
Dungeon (6/15)             Temple (0/1) D:6

Altars:
Nemelex Xobeh


Innate Abilities, Weirdness & Mutations

You have sharp claws.
You have razor-sharp teeth.
You have supernaturally acute eyesight. (SInv)
You cover ground quickly. (Speed+)
You are covered in thick fur. (AC +2)
Your paws help you pounce on unaware monsters.
You are incapable of wielding weapons or throwing items.
You cannot wear armour.
You gain extra lives every three experience levels.


Message History

Orders for allies: a - Attack new target. r - Retreat! s - Stop attacking. g - Guard the area. f - Follow me.
Anything else - Cancel.
Gang up on whom?
Press: ? - help, Dir - move target, f - ogre
Aim: an ogre, wielding a +0 giant spiked club Attack!
The hound bites your hound.
Your hound bites the hound.
Casting: Call Imp (safe; 1% risk of failure)
Confirm with . or Enter, or press ? or * to list all spells.
You miscast Summon Guardian Golem.
You are very lightly contaminated with residual magic.
Nothing appears to happen.
The hound closely misses your hound.
Your hound bites the hound.
The hound bites your hound.
Your hound bites the hound.
The ogre misses you.
Your hound barely misses the hound.
The hound bites your hound but does no damage.
The hound closely misses your hound.
Your hound barely misses the hound.
Your crimson imp blinks!
Casting: Summon Guardian Golem (quite dangerous; 6% risk of failure)
Confirm with . or Enter, or press ? or * to list all spells.
A guardian golem appears, shielding your allies.
The hound bites your hound.
Your hound bites the hound.
The hound bites your hound.
Your hound bites the hound.
The hound dies!
Your Dodging skill increases to level 7!
Your crimson imp blinks!
The ogre hits your guardian golem with a +0 giant spiked club!
Your guardian golem overheats!
Your hound bites the ogre.
Your hound bites the ogre.
The ogre hits your guardian golem with a +0 giant spiked club!!
Your guardian golem disappears in a puff of smoke!
Your guardian golem explodes!
The fiery explosion engulfs the ogre!!
The ogre dies!
The fiery explosion engulfs you!!
Ouch! That really hurt!
You die...

........................ #.
....≈≈≈≈≈........######## ##<
..≈≈≈≈≈≈≈≈≈.........##### #..
≈≈≈≈≈≈≈≈≈≈≈≈≈..##.......#####..
≈≈≈≈≈≈≈≈≈≈≈≈≈≈.###..###........
≈≈≈≈≈.$.≈≈≈≈≈≈h####..#######..#
≈≈.>.≈≈≈≈≈§§§###..........##
≈...≈≈≈≈≈§§§......####..(..
≈≈≈≈≈≈≈≈≈§@§#####.###......
≈≈≈5≈≈≈.....#####..#.......
≈≈≈≈≈......................
............########.......
#.#####.##...# #.......
#....#.### #....... ####.....#
##...... ###.#.#####.......
#......##.......


You could see a friendly hound (summoned, sheltered) and a friendly crimson imp
(summoned, sheltered).

Vanquished Creatures
  An orc (D:4)
  A bat (D:1)
  A goblin (D:2)
  A hobgoblin (D:2)
  A toadstool (D:1)
5 creatures vanquished.

Vanquished Creatures (collateral kills)
  Sigmund (D:2)
  A black bear (D:5)
  An ice beast (D:5)
  An ogre (D:5)
  Blork the orc (D:4)
  3 scorpions (D:4)
  3 water moccasin skeletons
  A bullfrog zombie (D:5)
  5 hounds
  2 bullfrog skeletons
  An orc priest (D:5)
  A gnoll shaman (D:5)
  2 iguanas (D:5)
  A scorpion zombie (D:5)
  An orc wizard (D:5)
  6 gnolls
  6 adders
  A shadow imp (D:5)
  An adder skeleton (D:5)
  A worm (D:2)
  3 dart slugs
  4 orcs
  2 bats (D:2)
  9 endoplasms
  2 giant cockroaches
  2 goblins
  3 hobgoblins
  2 jackals (D:3)
  6 ball pythons
  5 frilled lizards
  7 kobolds
  2 rats
87 creatures vanquished.

Vanquished Creatures (others)
  Prince Ribbit (D:5)
  2 ogres
  A gnoll (D:5)
  3 toadstools (D:1)
7 creatures vanquished.

Grand Total: 99 creatures vanquished

Notes
Turn   | Place    | Note
-------+----------+-------------------------------------------
     0 | D:1      | ders the Felid Summoner began the quest for the Orb.
     0 | D:1      | Reached XP level 1. HP: 7/7 MP: 4/4
   707 | D:1      | Reached XP level 2. HP: 11/11 MP: 4/6
  1413 | D:1      | Learned a level 2 spell: Call Imp
  1766 | D:2      | Reached XP level 3. HP: 11/14 MP: 4/8
  1993 | D:2      | Noticed Sigmund
  2046 | D:2      | Killed Sigmund
  2047 | D:2      | Reached skill level 5 in Summonings
  2047 | D:2      | Reached XP level 4. HP: 18/18 MP: 2/10
  2047 | D:2      | Reached XP level 5. HP: 21/21 MP: 2/11
  2684 | D:3      | Learned a level 3 spell: Call Canine Familiar
  2687 | D:3      | Learned a level 2 spell: Blink
  3583 | D:4      | Learned a level 3 spell: Summon Guardian Golem
  3707 | D:4      | Gained mutation: You are covered in thick fur. (AC +2)
                  | [Felid growth]
  3707 | D:4      | Reached XP level 6. HP: 24/24 MP: 7/13
  4054 | D:4      | Reached skill level 6 in Summonings
  4194 | D:4      | Reached skill level 5 in Dodging
  4194 | D:4      | Reached XP level 7. HP: 23/27 MP: 5/15
  4861 | D:4      | Noticed Blork the orc
  4902 | D:4      | Killed Blork the orc
  4903 | D:4      | Reached skill level 5 in Spellcasting
  5045 | D:4      | Found a sparkling altar of Nemelex Xobeh.
  5267 | D:5      | Entered Level 5 of the Dungeon
  5267 | D:5      | Noticed Prince Ribbit
  5615 | D:5      | Mangled by Prince Ribbit
  5616 | D:5      | Reached XP level 6. HP: -9/24 MP: 4/15
  5820 | D:5      | Reached skill level 7 in Summonings
  5820 | D:5      | Reached XP level 7. HP: 27/27 MP: 12/16
  6290 | D:5      | Killed Prince Ribbit
  6602 | D:5      | Reached XP level 8. HP: 31/31 MP: 14/18
  6613 | D:5      | Killed from afar by an orc priest
  6614 | D:5      | Reached XP level 7. HP: 0/27 MP: 12/17
  6627 | D:5      | HP: 1/27 [ogre (26)]
  6632 | D:5      | Reached skill level 8 in Summonings
  6936 | D:5      | Learned a level 4 spell: Summon Lightning Spire
  7310 | D:6      | Identified a scroll of acquirement
  7310 | D:6      | Acquired the ring "Tafris" {rN+ Will+ EV+4 Dex-5}
  7349 | D:6      | Found a staircase to the Ecumenical Temple.
  7402 | D:6      | Killed by an exploding themself... ignited by their inner
                  | flame

Illustrated notes

Levels and vault maps discovered:
D:1:      ldierk_water_garden, layout_basic, supply_closet_lemuel,
          chequers_serial_rivers_room_b
D:2:      layout_basic, uniq_sigmund
D:3:      layout_loops_ring
D:4:      layout_basic, nemelex_dance_club_becter, hangedman_decor_riveting,
          minmay_vboxes, uniq_blork_the_orc
D:5:      layout_loops_cross, minmay_checkerbox, uniq_prince_ribbit1
D:6:      layout_rooms, temple_pool_b, lightli_corner_chamber

Skill      XL: |  1  2  3  4  5  6  7 |
---------------+----------------------+-----
Dodging        | 3 4 5 7 |  7.0
Spellcasting   | 3 4 6 |  6.7
Summonings     | 5 7 8 |  8.2
Stealth        | |  2.6

Action                   |  1- 3 |  4- 6 |  7- 9 || total
-------------------------+-------+-------+-------++-------
Melee: Unarmed           |    11 |     1 |     9 ||    21
       Bite              |       |       |     1 ||     1
 Cast: Summon Small Mamm |    60 |    21 |    18 ||    99
       Call Imp          |    10 |    20 |    31 ||    61
       Call Canine Famil |       |    10 |    25 ||    35
       Summon Guardian G |       |     1 |    14 ||    15
       Blink             |       |       |     2 ||     2
  Use: Scroll            |       |       |    10 ||    10
       Potion            |       |       |     3 ||     3
Armor: Skin              |     3 |       |     1 ||     4
Dodge: Dodged            |    48 |     9 |    40 ||    97

Table legend: (Time is in decaauts)
 A = Elapsed time spent in this place.
 B = Non-inter-level travel time spent in this place.
 C = Inter-level travel time spent in this place.
 D = Time resting spent in this place.
 E = Time spent auto-exploring this place.
 F = Levels seen in this place.
 G = Mean time per level.
                   A        B        C        D        E       F      G
               +--------+--------+--------+--------+--------+-----+--------+
         Total |   6654 |   6493 |    161 |   1699 |   3499 |   6 | 1109.0 |
       Dungeon |   6654 |   6493 |    161 |   1699 |   3499 |   6 | 1109.0 |
               +--------+--------+--------+--------+--------+-----+--------+

Top non-repeatable levels by time:
     D:4: 1730 daAuts
     D:5: 1679 daAuts
     D:1: 1194 daAuts
     D:2: 1136 daAuts
     D:3: 822 daAuts
     D:6: 91 daAuts
